 Dungeon Crawl Stone Soup version 0.24.0-29-g8ce449bc06 (webtiles) character file.

Game seed: 9232778903594560154, levelgen mode: deterministic

50 Nattfarinn the Digger (level 3, 0/19 HPs)
             Began as a Gargoyle Earth Elementalist on Nov 15, 2019.
             Killed from afar by an orc wizard (9 damage)
             ... with a magic dart
             ... on level 3 of the Dungeon.
             The game lasted 00:02:52 (1513 turns).

Nattfarinn the Digger (Gargoyle Earth Elementalist) Turns: 1513, Time: 00:02:53

Health: 0/19       AC:  5    Str: 12    XL:     3   Next: 79%
Magic:  3/6        EV: 12    Int: 15    God:
Gold:   154        SH:  0    Dex: 10    Spells: 5/6 levels left

rFire    x . .     SeeInvis .   t - +3 dagger
rCold    + . .     Gourm    .   (no shield)
rNeg     + . .     Faith    .   c - +0 robe
rPois    ∞         Spirit   .   (no helmet)
rElec    +         Reflect  .   (no cloak)
rCorr    .         Harm     .   (no gloves)
MR       .....                  (no boots)
Stlth    ++........             (no amulet)
HPRegen  0.06/turn              f - ring of ice
MPRegen  0.10/turn              (no ring)

@: no status effects
A: negative energy resistance 1, electricity resistance, unbreathing,
petrification resistance, rot immunity, AC +3
a: no special abilities


You were on level 3 of the Dungeon.
You were not hungry.

You visited 1 branch of the dungeon, and saw 3 of its levels.

You collected 154 gold pieces.

Inventory:

Hand Weapons
 a - a +0 mace
 t - a +3 dagger (weapon)
Missiles
 b - 65 stones (quivered)
Armour
 c - a +0 robe (worn)
Jewellery
 f - a ring of ice (left hand)
Scrolls
 e - 3 scrolls of teleportation
 i - 3 scrolls of remove curse
 p - a scroll of blinking {unknown}
 q - 2 scrolls of immolation
 s - a scroll of enchant armour {unknown}
Potions
 g - a potion of resistance {unknown}
 j - a potion of heal wounds {unknown}
 k - a potion of cancellation {unknown}
 l - a potion of haste {unknown}
 n - a potion of curing {unknown}
 r - a potion of flight {unknown}
Comestibles
 d - 3 rations


   Skills:
 * Level 2.1 Armour
 - Level 1.5 Dodging
 - Level 2.1 Stealth
 + Level 2.3 Spellcasting
   Level 0.7 Transmutations
 * Level 4.5 Earth Magic


You had 5 spell levels left.
You knew the following spells:

 Your Spells              Type           Power        Failure   Level  Hunger
a - Sandblast             Erth           ###...       3%          1    #......

Your spell library contained the following spells:

 Spells                   Type           Power        Failure   Level  Hunger
 Passwall                 Tmut/Erth      #.......     11%         2    ###....
 Stone Arrow              Conj/Erth      #.....       26%         3    ###....
 Petrify                  Tmut/Erth      #.......     58%         4    #####..
 Lee's Rapid Deconstruct  Erth           ###.......   67%         5    ######.


Dungeon Overview and Level Annotations

Branches:
Dungeon (3/15)

Altars:
Xom


Innate Abilities, Weirdness & Mutations

You are resistant to torment.
Your stone body is resilient. (AC +3)
You are immune to poison.
You resist negative energy. (rN+)
You are resistant to electric shocks. (rElec)
You can survive without breathing.
You are immune to petrification.
You are immune to rotting.


Message History

The adder is almost dead.
The adder bites you but does no damage. The adder barely misses you.
You closely miss the adder.
The adder is almost dead.
The adder bites you but does no damage.
You hit the adder.
You kill the adder!
The orc wizard gestures at you while chanting.
The magic dart hits you.
Casting: Sandblast (safe; 3% risk of failure)
Confirm with . or Enter, or press ? or * to list all spells.
Aiming: Sandblast (safe; 3% risk of failure)
Press: ? - help, Shift-Dir - straight line, f - orc wizard
Aim: an orc wizard, wielding a +0 dagger and wearing a +0 robe (fast)
The blast of sand hits the orc wizard!
The orc wizard is almost dead.
b - 65 stones The orc wizard gestures at you while chanting.
The magic dart hits you!
You die...

***######### ** *,,........## ,*
*,****###...####### ,* *,*
#@).#.<.....#***** ,*
******,****#)#...#####....,,, ,*
*,,,,..o.o..o##.## ****#**,
,****,***#.####.###..#* *,,,,,,,
,,,,,,,,**,* #≈**#≈.≈#***,*****,
,,,,,,,,,,,* #≈*,.≈.≈.r,,,* **,
,****,,,,*****#≈*,.≈.≈###,,****,*
**,,,,,,,,,,,,#≈*#.≈≈≈.,,,,,,,,≈≈
**,**,,,,*****#≈*,,,,**,,,,,,≈≈≈*


You could see an orc wizard and a rat.

Vanquished Creatures
  An adder (D:3)
  2 dart slugs
  3 orcs (D:3)
  A giant cockroach (D:2)
  4 goblins
  4 hobgoblins
  3 jackals (D:1)
  2 kobolds (D:2)
  A quokka (D:2)
  6 bats
  A frilled lizard (D:2)
  3 rats
31 creatures vanquished.

Notes
Turn   | Place    | Note
-------+----------+-------------------------------------------
     0 | D:1      | Nattfarinn the Gargoyle Earth Elementalist began the quest
                  | for the Orb.
     0 | D:1      | Reached XP level 1. HP: 10/10 MP: 3/3
   335 | D:1      | Reached XP level 2. HP: 15/15 MP: 3/5
   355 | D:1      | Reached skill level 1 in Armour
   530 | D:1      | Reached skill level 4 in Earth Magic
   539 | D:1      | Found a shimmering altar of Xom.
  1013 | D:2      | Reached XP level 3. HP: 19/19 MP: 2/6
  1142 | D:2      | Found a faded altar of an unknown god.
  1513 | D:3      | Killed from afar by an orc wizard

Levels and vault maps discovered:
D:1:      dpeg_arrival_arbitrary_c, layout_basic, xom_teletrap_fun
D:2:      layout_rooms, chequers_ecumenical_altar_island
D:3:      layout_loops_ring, nicolae_overflow_quartered_altars,
          portal_sewer_entry_d, serial_rivers, chequers_serial_rivers_micro_b,
          chequers_serial_rivers_room_a, chequers_serial_rivers_small_b,
          chequers_serial_rivers_micro_e, chequers_serial_rivers_micro_d,
          chequers_serial_rivers_marsh

Skill      XL: |  1  2  3 |
---------------+----------+-----
Armour         | 1 2 |  2.1
Earth Magic    | 4 |  4.5
Dodging        | |  1.5
Stealth        | |  2.1
Spellcasting   | |  2.3
Transmutations | |  0.7

Action                   || total
-------------------------++-------
Melee: Mace              ||    50
       Dagger            ||    20
 Cast: Sandblast         ||    28
  Use: Scroll            ||     5
  Eat: Chunk             ||     2
Armor: Robe              ||    42
Dodge: Dodged            ||    78
